AoeStats
← Different

Marketplace

506668968Analyzed
1v1 RM · 17d ago on Sep 14, 2026· 31m 7s· 2 players
Game mode
Random Map
Map size
Tiny (2 player)
Population
200
Speed
Normal
Resources
Standard
Victory
Conquest
Starting age
Dark Age
Ending age
Imperial Age
RankedLock teamsTeams togetherTeam positionsShared explorationLock speedFull tech treeHidden civsTurbo modeCheats
Victory
Defeat
🇷🇺 Vietnamese · Russia
930
+16
🇺🇸 Sicilians · United States
935
-16
Different
2:01 Loom
12:24 Feudal Age
13:02 Horse Collar
13:10 Double-Bit Axe
14:44 Wheelbarrow
14:03 Man-at-Arms
14:10 Man-at-Arms
18:09 Arson
21:30 Padded Archer Armor
21:41 Forging
21:32 Scale Mail Armor
25:42 Town Watch
29:17 Castle Age
30:22 Bloodlines
30:11 Gold Mining
30:35 Bow Saw
30:26 Heavy Plow
30:46 Scale Barding Armor
31:32 Squires
31:20 Town Watch
SoggyCow
11:18 Feudal Age
10:44 Loom
11:57 Gold Mining
11:55 Double-Bit Axe
12:24 Stone Mining
25:29 Scale Mail Armor
27:18 Arson
31:04 Forging
Connection lost

Rejoining the realm…

Still unreachable

The connection could not be restored.

Session expired

The server has moved on; the page needs a fresh start.